 Dungeon Crawl Stone Soup version 0.27.1-33-g824d729ab1 (webtiles) character file.

Game seed: 2281152905467691860

197692 Ma1vorus the Executioner (level 18, -5/166 (173) HPs)
             Began as a Minotaur Berserker on Dec 14, 2021.
             Was a High Priest of Trog.
             Killed from afar by a deep elf death mage (27 damage)
             ... with a bolt of negative energy
             ... on level 3 of the Elven Halls on Dec 15, 2021.
             The game lasted 02:19:08 (27332 turns).

Ma1vorus the Executioner (Minotaur Berserker)      Turns: 27332, Time: 02:19:08

HP:   -5/166 (173)  AC: 33    Str: 36    XL:     18   Next: 19%
MP:   17/17         EV: 16    Int:  4    God:    Trog [*****.]
Gold: 2081          SH: 19    Dex: 15    Spells: 17/17 levels left

rFire    x . .     SeeInvis .   W - +5 war axe (flame)
rCold    + + .     Faith    .   I - +2 kite shield {reflect}
rNeg     . . .     Spirit   .   S - +3 plate armour {rC+}
rPois    +         Reflect  +   (helmet restricted)
rElec    +         Harm     .   H - +2 cloak {rPois}
rCorr    +         Rampage  .   K - +1 pair of gloves "Orutworakla" {Drain rCorr Dex+4}
Will     +....                  e - +1 pair of boots {Stlth+}
Stlth    ..........             N - amulet of regeneration
HPRegen  1.37/turn              i - ring of Pyffetaq {Ice rElec Str+7}
MPRegen  0.15/turn              a - +4 ring of evasion

@: lightly drained
A: horns 2, retaliatory headbutt, iridescent scales 2, passive freeze, wild
magic 1
a: Renounce Religion, Berserk, Trog's Hand, Brothers in Arms


You were on level 3 of the Elven Halls.
You worshipped Trog.
Trog was extremely pleased with you.
You visited 6 branches of the dungeon, and saw 27 of its levels.
You visited the Abyss 2 times.
You also visited: Ice Cave.

You collected 4008 gold pieces.
You spent 1927 gold pieces at shops.

Inventory:

Hand Weapons
 B - a +3 battleaxe
 W - a +5 war axe of flaming (weapon)
 Y - a +1 executioner's axe of flaming
Armour
 e - a +1 pair of boots of stealth (worn)
 l - a +2 kite shield of cold resistance
 H - a +2 cloak of poison resistance (worn)
 I - a +2 kite shield of reflection (worn)
 K - the +1 pair of gloves "Orutworakla" (worn) {Drain rCorr Dex+4}
   (You bought it in a shop on level 2 of the Orcish Mines)

   Dex:       It affects your dexterity (+4).
   rCorr:     It protects you from acid and corrosion.
   Drain:     It drains your maximum health when unequipped.
 P - the +1 scale mail of Tamihipt {Regen+ Dex+6}
   (You found it on level 14 of the Dungeon)

   Dex:       It affects your dexterity (+6).
   Regen:     It increases your rate of health regeneration.
 S - a +3 plate armour of cold resistance (worn)
Jewellery
 a - a +4 ring of evasion (right hand)
 g - a +6 ring of intelligence
 i - the ring of Pyffetaq (left hand) {Ice rElec Str+7}
   (You found it in an ice cave)

   [ring of ice]

   It enhances your ice magic.
   Str:       It affects your strength (+7).
   rF:        It makes you vulnerable to fire.
   rC:        It protects you from cold.
   rElec:     It insulates you from electricity.
 u - a +6 ring of dexterity
 v - the amulet of Foeschuc {Faith Will+}
   (You found it on level 3 of the Elven Halls)

   [amulet of faith]

   It allows you to gain divine favour quickly.
   Will:      It increases your willpower.
 x - a ring of protection from cold
 N - an amulet of regeneration (around neck)
 Q - a ring of see invisible
 V - a ring of poison resistance
 X - a ring of fire
Wands
 k - a wand of iceblast (7)
 s - a wand of digging (10)
 t - a wand of charming (16)
 E - a wand of paralysis (6)
 O - a wand of polymorph (10)
Scrolls
 b - 6 scrolls of immolation
 c - 5 scrolls of enchant weapon
 f - 8 scrolls of magic mapping
 n - 18 scrolls of teleportation
 q - 4 scrolls of vulnerability
 r - 7 scrolls of fear
 w - a scroll of brand weapon
 y - a scroll of torment
 D - 12 scrolls of identify
 F - 3 scrolls of blinking
 L - 3 scrolls of enchant armour
 R - 2 scrolls of summoning
 U - a scroll of silence
Potions
 d - 2 potions of might
 h - 2 potions of haste
 j - 3 potions of magic
 m - 2 potions of cancellation
 p - 4 potions of invisibility
 z - 5 potions of lignification
 A - 12 potions of curing
 C - 2 potions of heal wounds
 G - 5 potions of flight
Miscellaneous
 J - a piece from Xom's chessboard (15/15)
 M - a condenser vane
 T - a phantom mirror (quivered)


   Skills:
 + Level 18.3 Fighting
 + Level 21.1 Axes
 + Level 16.8 Armour
 + Level 7.7 Dodging
 + Level 4.3 Stealth
 + Level 19.9 Shields
 + Level 0.3 Evocations


You had 17 spell levels left.
You didn't know any spells.
Your spell library contained the following spells:

 Spells                   Type           Power      Damage    Failure   Level
 Petrify                  Tmut/Erth      0%         N/A       100%        4
 Metabolic Englaciation   Hex/Ice        0%         N/A       100%        5
 Statue Form              Tmut/Erth      0%         N/A       100%        6


Dungeon Overview and Level Annotations

Branches:
Dungeon (15/15)            Temple (0/1) D:4            Lair (3/6) D:9
  Swamp (1/4) Lair:3       Spider (3/4) Lair:2          Orc (2/2) D:12
    Elf (3/3) Orc:2        Vaults (0/5) D:14         Depths (0/5) D:15
  IceCv (visited)

Altars:
Ashenzari
Cheibriados
Elyvilon
Fedhas
Gozag
Hepliaklqana
Kikubaaqudgha
Nemelex Xobeh
Qazlal
Sif Muna
Uskayaw
Wu Jian
Zin
Beogh

Shops:
D:1 [   D:7 :   D:8 [   D:9 [   Orc:2 [(?!

Annotations:
Elf:1 5 runed translucent doors


Innate Abilities, Weirdness & Mutations

You have a pair of horns on your head.
You reflexively headbutt those who attack you in melee.
You are mostly covered in iridescent scales. (AC +4)
A frigid envelope surrounds you and freezes all who hurt you.
Your spells are a little harder to cast, but a little more powerful.


Message History

The deep elf death mage is severely wounded.
You slash the Brimstone Fiend!
The Brimstone Fiend hits you but does no damage.
You block the Brimstone Fiend's attack. The Brimstone Fiend misses you.
The deep elf death mage draws life force from you!!
The deep elf death mage is healed by the life force!
The Hell Sentinel hits your water elemental!!
The Hell Sentinel hits your water elemental.
Your ogre goes berserk!
The deep elf high priest mumbles some strange prayers to its god against you.
Something smites you!
* * * LOW HITPOINT WARNING * * *
The Brimstone Fiend calls on the powers of darkness!
The deep elf high priest convulses!
The deep elf demonologist convulses! x2
Your ogre convulses!
The deep elf death mage convulses!
Your body is wracked with pain!
* * * LOW HITPOINT WARNING * * *
Your water elemental barely misses the Brimstone Fiend.
You block the Brimstone Fiend's attack. The Brimstone Fiend hits you.
* * * LOW HITPOINT WARNING * * *
The Brimstone Fiend is frozen!
The Brimstone Fiend is very cold.
The Brimstone Fiend is lightly wounded.
You block the Brimstone Fiend's attack.
The deep elf demonologist gestures wildly while chanting.
You block the deep elf death mage's attack.
The deep elf elementalist completely misses your ogre.
The earth elemental hits your ogre!!!
Your ogre dies!
Your ogre's corpse disappears in a puff of smoke!
The deep elf demonologist casts a spell.
Send 'em back where they came from!
Trog shields your ally from puny magic!
Your water elemental hits the Brimstone Fiend!
Your water elemental engulfs the Brimstone Fiend in water!
The Brimstone Fiend is no longer engulfed.
The deep elf death mage gestures at you while chanting.
The bolt of negative energy hits the Brimstone Fiend.
The Brimstone Fiend completely resists.
The bolt of negative energy hits you!!
You feel drained.
You die...

#.......'...'...........##
#....(..#####....)....E.##
#.......# #..ee.......## ###
##'.....## ###4e.....####
###.###.##...#+######1##...#'###
#.....'########+...#e########'.#
.....)..# #....EE..# ##.##
...).)..######..).ยง1E.#######...#
.....<).'....'..@1eeE'.o...'.....
........######....E..E######..(..
........# #........# #.....
#.....### ###...#### ######
###.### ##### ###


You could see a Hell Sentinel (summoned), 2 Brimstone Fiends, a deep elf death
mage (empowered), a deep elf elementalist (fast, repels missiles), 2 deep elf
demonologists, a deep elf high priest (brilliance aura), 5 earth elementals, an
ice devil (summoned), an orc and a friendly water elemental (summoned).

Vanquished Creatures
  2 deep elf blademasters (Elf:3)
  A deep elf master archer (Elf:3)
  2 tentacled starspawn (Abyss:2)
  Frances (D:14)
  Roxanne (D:14)
  Donald (Spider:2)
  2 azure jellies (IceCv)
  A rockslime (IceCv)
  Louise (Spider:2)
  A deep elf sorcerer (Elf:3)
  A ghost moth (Spider:3)
  An orc warlord (Orc:2)
  An emperor scorpion (Spider:1)
  A caustic shrike zombie (D:15)
  5 quicksilver oozes (IceCv)
  3 deep elf elementalists (Elf:3)
  A juggernaut skeleton (D:15)
  5 deep elf annihilators
  A deep elf demonologist (Elf:1)
  Nessos (D:14)
  Azrael (Spider:1)
  3 entropy weavers
  3 spark wasps
  Snorg (D:10)
  4 deep elf death magi (Elf:3)
  2 deep elf high priests (Elf:1)
  A yaktaur captain (D:12)
  Fannar (Lair:1)
  3 boulder beetles
  The ghost of Xuta the Peltast, a journeyman FoFi of Okawaru (D:13)
  4 hydras
  An ogre mage (D:15)
  A catoblepas (D:13)
  5 centaur warriors
  2 death knights
  4 two-headed ogres
  21 dancing weapons
  A deep troll earth mage (D:12)
  3 hell hogs (Abyss:2)
  3 thrashing horrors (Abyss:2)
  23 deep elf knights
  2 orc high priests
  A sun demon (Abyss:2)
  A vampire mage (D:15)
  Nergalle (D:10)
  A spatial maelstrom (Abyss:2)
  A skeletal warrior (D:15)
  2 wretched stars (Abyss:2)
  A sixfirhy (Abyss:2)
  2 bog bodies (Lair:3)
  3 orange crystal statues (IceCv)
  5 orc knights
  2 wizards
  Pikel (D:4)
  12 deep elf archers
  2 necromancers
  23 deep elf zephyrmancers
  28 deep elf pyromancers
  10 orb spiders
  2 ugly things
  11 wolf spiders
  5 orc sorcerers (Orc:2)
  2 manticores
  A will-o-the-wisp (Abyss:2)
  7 cyclopes
  A worldbinder (Abyss:2)
  A torpor snail (Lair:3)
  3 black mambas
  4 centaur zombies
  A rime drake (Lair:3)
  4 cane toads
  6 komodo dragons
  8 demonic crawlers
  3 entropy weaver simulacra (IceCv)
  2 unseen horrors
  2 kobold demonologists
  A tormentor (D:14)
  A guardian mummy (D:15)
  2 efreet
  2 freezing wraiths
  A yaktaur (D:12)
  A hellwing (Abyss:2)
  4 trolls
  22 jumping spiders
  4 hornets
  A bloated husk (Swamp:1)
  Prince Ribbit (D:5)
  17 blink frogs
  4 raiju (Abyss:2)
  A spriggan zombie (D:15)
  24 slime creatures
  9 large abominations
  16 tarantellas
  50 redbacks
  Sigmund (D:4)
  3 air elementals (Elf:2)
  7 wraiths
  A wyvern (D:8)
  4 water elementals
  2 centaur simulacra (D:14)
  A hog (shapeshifter) (D:14)
  The ghost of makewrite the Skirmisher, an amateur MiAK of Lugonu (D:4)
  31 yaks
  Eustachio (D:6)
  3 fire elementals
  Grum (D:8)
  A golden eye (shapeshifter) (D:13)
  8 vampire mosquitoes
  A steam dragon (D:4)
  A basilisk (Lair:3)
  3 wargs
  3 demonic crawler simulacra (IceCv)
  2 swamp worms (Swamp:1)
  3 hell hounds (Spider:1)
  A tengu zombie (D:15)
  6 water moccasins
  29 orc warriors
  3 ice beasts
  Purgy (D:4)
  3 sky beasts
  A black bear (Lair:2)
  9 ogres
  3 necrophages
  15 centaurs
  3 ugly thing simulacra (IceCv)
  A lemure (D:4)
  10 wolves
  A kobold brigand (D:10)
  7 bullfrogs
  2 gnoll sergeants (D:9)
  An earth elemental (Elf:2)
  3 scorpions
  3 small abominations (Abyss:2)
  11 killer bees
  3 howler monkeys (D:9)
  8 electric eels
  A crimson imp (D:11)
  3 jellies
  4 quasits
  29 orc priests
  A bullfrog skeleton (D:5)
  2 centaur skeletons
  A gnoll shaman (D:7)
  3 hounds
  Jessica (D:2)
  Terence (D:2)
  25 orc wizards
  2 iguanas
  4 hell rats (Lair:3)
  A hound zombie (D:5)
  A howler monkey zombie (D:10)
  18 gnolls
  7 adders
  5 river rats (Lair:3)
  2 white imps
  2 worms
  The ghost of ghwc the Sneak, a weakling MiDe (D:6)
  2 dart slugs
  81 orcs
  7 endoplasms
  4 giant cockroaches
  9 goblins
  5 hobgoblins
  2 quokkas
  2 ball pythons
  3 bats (D:2)
  3 frilled lizards
  12 kobolds
  9 rats
898 creatures vanquished.

Vanquished Creatures (collateral kills)
  A deep elf master archer (Elf:3)
  2 deep elf sorcerers (Elf:3)
  2 deep elf elementalists (Elf:3)
  A deep elf annihilator (Elf:1)
  A deep elf death mage (Elf:3)
  The ghost of Doot the Destroyer, a journeyman DrEE of Sif Muna (D:12)
  A hydra (D:12)
  A two-headed ogre (D:12)
  A dancing weapon (Elf:1)
  3 deep elf knights (Elf:1)
  A deep elf archer (Elf:1)
  A deep elf pyromancer (Elf:1)
  A deep elf zephyrmancer (Elf:1)
  An unseen horror (D:12)
18 creatures vanquished.

Vanquished Creatures (others)
  A deep elf knight (Elf:2)
  A very ugly thing simulacrum (IceCv)
  An orc priest (Orc:2)
  An orc wizard (Elf:1)
  3 orcs (Elf:1)
  8 fungi
  10 plants
  4 starspawn tentacles (Abyss:2)
  10 withered plants (D:15)
39 creatures vanquished.

Grand Total: 955 creatures vanquished

Notes
Turn   | Place    | Note
-------+----------+-------------------------------------------
     0 | D:1      | Ma1vorus the Minotaur Berserker began the quest for the
                  | Orb.
     0 | D:1      | Reached XP level 1. HP: 19/19 MP: 0/0
    15 | D:1      | Found Ytoi's Armour Shoppe.
   250 | D:1      | Reached XP level 2. HP: 22/27 MP: 1/1
   411 | D:1      | Reached skill level 4 in Axes
   740 | D:1      | Found a faded altar of an unknown god.
  1247 | D:2      | Noticed Terence
  1256 | D:2      | Killed Terence
  1257 | D:2      | Reached XP level 3. HP: 34/34 MP: 2/2
  1342 | D:2      | Noticed Jessica
  1346 | D:2      | Killed Jessica
  1347 | D:2      | Reached XP level 4. HP: 41/41 MP: 3/3
  1401 | D:2      | Found an opulent altar of Gozag.
  1595 | D:2      | Reached ** piety under Trog
  1792 | D:2      | Reached skill level 5 in Axes
  2162 | D:3      | Found a hide-covered altar of Uskayaw.
  2837 | D:4      | Noticed a steam dragon
  2847 | D:4      | Killed a steam dragon
  2848 | D:4      | Reached skill level 5 in Fighting
  2848 | D:4      | Reached skill level 6 in Axes
  2848 | D:4      | Reached skill level 1 in Stealth
  2848 | D:4      | Reached XP level 5. HP: 9/48 MP: 4/4
  2854 | D:4      | Noticed Purgy
  2855 | D:4      | Noticed a lemure
  2856 | D:4      | HP: 2/48 [gnoll (8)]
  2870 | D:5      | Entered Level 5 of the Dungeon
  2895 | D:5      | Reached XP level 6. HP: 35/56 MP: 5/5
  3071 | D:4      | Killed Purgy
  3486 | D:4      | Found a transporter.
  3496 | D:4      | Noticed Sigmund
  3512 | D:4      | Killed Sigmund
  3513 | D:4      | Reached skill level 7 in Axes
  3513 | D:4      | Reached XP level 7. HP: 62/62 MP: 6/6
  3618 | D:4      | Found a transporter.
  3621 | D:4      | Noticed makewrite's ghost (amateur MiAK)
  3870 | D:4      | Noticed Pikel
  3885 | D:4      | Killed Pikel
  3886 | D:4      | Reached skill level 8 in Axes
  3886 | D:4      | Reached XP level 8. HP: 71/71 MP: 7/7
  3886 | D:4      | Found a staircase to the Ecumenical Temple.
  4200 | D:4      | Killed makewrite's ghost
  4264 | D:4      | Reached skill level 9 in Axes
  4577 | D:5      | Reached XP level 9. HP: 60/79 MP: 8/8
  4578 | D:5      | Reached skill level 10 in Axes
  4824 | D:5      | Noticed Prince Ribbit
  4856 | D:5      | Killed Prince Ribbit
  5819 | D:5      | Reached *** piety under Trog
  5907 | D:5      | Gained mutation: You are partially covered in iridescent
                  | scales. (AC +2) [potion of mutation]
  5907 | D:5      | Gained mutation: A frigid envelope surrounds you and
                  | freezes all who hurt you. [potion of mutation]
  5907 | D:5      | Gained mutation: You are mostly covered in iridescent
                  | scales. (AC +4) [potion of mutation]
  5907 | D:5      | Gained mutation: You evolve. [potion of mutation]
  6644 | D:6      | Found a white marble altar of Elyvilon.
  6686 | D:6      | Reached skill level 11 in Axes
  6698 | D:6      | Found a runed translucent door.
  6700 | D:6      | Noticed ghwc's ghost (weakling MiDe)
  6733 | D:6      | Killed ghwc's ghost
  6846 | D:6      | Gained mutation: Your spells are a little harder to cast,
                  | but a little more powerful. [evolution]
  7084 | D:6      | Reached XP level 10. HP: 82/90 MP: 9/9
  7151 | D:6      | Noticed Eustachio
  7159 | D:6      | Killed Eustachio
  7629 | D:7      | Reached skill level 10 in Armour
  7722 | D:7      | Found a sparkling altar of Nemelex Xobeh.
  7842 | D:7      | Reached skill level 12 in Axes
  7911 | D:7      | Found Fexzaogion's Book Shop.
  8119 | D:7      | Found a snail-covered altar of Cheibriados.
  8291 | D:8      | Found a stormy altar of Qazlal.
  8306 | D:8      | Noticed Grum
  8311 | D:8      | Reached **** piety under Trog
  8319 | D:8      | Killed Grum
  8320 | D:8      | Reached skill level 1 in Shields
  8427 | D:8      | You fall into a shaft and drop 3 floors!
  8427 | D:11     | Noticed a boulder beetle
  8449 | D:11     | Killed a boulder beetle
  8594 | D:11     | Noticed a wizard
  8605 | D:11     | Killed a wizard
  8606 | D:11     | Reached skill level 13 in Axes
  8757 | D:11     | Noticed a two-headed ogre
  8762 | D:11     | Killed a two-headed ogre
  8763 | D:11     | Reached skill level 10 in Fighting
  8763 | D:11     | Reached XP level 11. HP: 99/99 MP: 10/10
  9371 | D:10     | Entered Level 10 of the Dungeon
  9372 | D:10     | Found a hazy altar of Hepliaklqana.
  9551 | D:10     | Found an opulent altar of Gozag.
  9609 | D:10     | Noticed Snorg
  9618 | D:10     | Killed Snorg
  9619 | D:10     | Reached skill level 14 in Axes
  9623 | D:10     | Reached skill level 5 in Dodging
  9766 | D:10     | Noticed a death knight
  9780 | D:10     | Killed a death knight
 10010 | D:10     | Found a broken altar of Ashenzari.
 10013 | D:10     | Found an ornate altar of the Wu Jian Council.
 10013 | D:10     | Found a blossoming altar of Fedhas.
 10060 | D:10     | Noticed Nergalle
 10067 | D:10     | Killed Nergalle
 10180 | D:10     | Found an ancient bone altar of Kikubaaqudgha.
 10356 | D:9      | Reached ***** piety under Trog
 10414 | D:9      | Found Ryfej's Antique Armour Shop.
 10421 | D:8      | Found Offelakh's Antique Armour Shoppe.
 10554 | D:1      | Bought a +1 cloak of poison resistance for 189 gold pieces
 10797 | D:8      | Noticed a two-headed ogre
 10802 | D:8      | Killed a two-headed ogre
 11076 | D:9      | Bought a pair of embroidered boots for 150 gold pieces
 11076 | D:9      | Bought a glowing kite shield for 150 gold pieces
 11261 | D:9      | Found a staircase to the Lair.
 11703 | D:12     | Reached XP level 12. HP: 95/110 MP: 11/11
 11734 | D:12     | Reached skill level 15 in Axes
 11928 | D:12     | Noticed a six-headed hydra
 11928 | D:12     | Noticed a deep troll earth mage
 11929 | D:12     | Noticed a yaktaur captain
 11930 | D:12     | Noticed Doot's ghost (journeyman DrEE)
 11931 | D:12     | Noticed a two-headed ogre
 11985 | D:12     | Reached skill level 5 in Shields
 12006 | D:12     | Found a runed translucent gate.
 12006 | D:12     | Found a runed translucent gate.
 12006 | D:12     | Found a runed translucent gate.
 12035 | D:12     | Found a staircase to the Orcish Mines.
 12435 | D:12     | Killed a deep troll earth mage
 12435 | D:12     | Killed Doot's ghost
 12438 | D:12     | Killed a seven-headed hydra
 12440 | D:12     | Killed a two-headed ogre
 12443 | D:12     | Killed a yaktaur captain
 12576 | D:13     | Noticed a four-headed hydra
 12583 | D:13     | Killed a seven-headed hydra
 12748 | D:13     | Found a runed translucent door.
 12750 | D:13     | Noticed Xuta's ghost (journeyman FoFi)
 12767 | D:13     | Killed Xuta's ghost
 12768 | D:13     | Reached skill level 16 in Axes
 12770 | D:13     | Identified the +3 arbalest of the Sun {vorpal, Int+4}
 12972 | D:13     | Noticed a catoblepas
 12991 | D:13     | Killed a catoblepas
 13308 | D:14     | Noticed Roxanne
 13480 | D:2      | Lost mutation: You evolve. [end of evolution]
 13743 | Lair:1   | Entered Level 1 of the Lair of Beasts
 13831 | Lair:1   | Noticed Fannar
 13842 | Lair:1   | Killed Fannar
 13843 | Lair:1   | Reached XP level 13. HP: 118/118 MP: 12/12
 14224 | Lair:1   | Identified the +3 buckler of Impatience {Int+4}
 14588 | Lair:2   | Found a hole to the Spider Nest.
 14731 | Lair:2   | Reached ****** piety under Trog
 14919 | Lair:2   | Received a gift from Trog
 14935 | Lair:2   | Identified a scroll of acquirement
 14936 | Lair:2   | Acquired 819 gold pieces
 15415 | D:1      | Bought a +3 plate armour of cold resistance for 630 gold
                  | pieces
 16201 | Lair:3   | Reached skill level 17 in Axes
 16418 | Lair:3   | Found a staircase to the Swamp.
 16484 | Spider:1 | Entered Level 1 of the Spider Nest
 16537 | Spider:1 | Noticed an emperor scorpion
 16553 | Spider:1 | Killed an emperor scorpion
 16642 | Spider:1 | Noticed Azrael
 16660 | Spider:1 | Killed Azrael
 16661 | Spider:1 | Reached XP level 14. HP: 24/129 MP: 13/13
 16864 | Spider:1 | Received a gift from Trog
 17344 | Swamp:1  | Entered Level 1 of the Swamp
 17368 | Swamp:1  | Reached skill level 10 in Shields
 17763 | Spider:2 | Reached skill level 18 in Axes
 17950 | Spider:2 | Noticed Donald
 17968 | Spider:2 | Killed Donald
 17969 | Spider:2 | Noticed Louise
 17996 | Spider:2 | Killed Louise
 18584 | Spider:3 | Killed a ghost moth
 18595 | Spider:3 | Received a gift from Trog
 18746 | Spider:3 | Reached XP level 15. HP: 125/139 MP: 14/14
 19870 | D:14     | Killed Roxanne
 19885 | D:14     | Reached skill level 15 in Fighting
 19969 | D:14     | Noticed Frances
 19984 | D:14     | Killed Frances
 19993 | D:14     | Acquired a manual of Shields
 20026 | D:14     | Cast into level 2 of the Abyss (a wizard)
 20027 | Abyss:2  | Found a corrupted altar of Lugonu.
 20127 | Abyss:2  | Noticed a tentacled starspawn
 20132 | Abyss:2  | Killed a tentacled starspawn
 20168 | Abyss:2  | Reached skill level 19 in Axes
 20223 | Abyss:2  | Received a gift from Trog
 20322 | D:14     | Escaped the Abyss
 20375 | D:14     | Noticed Nessos
 20387 | D:14     | Killed Nessos
 20648 | D:14     | Found a gate to the Vaults.
 20687 | D:14     | Identified the +1 scale mail of Tamihipt {Regen+ Dex+6}
 20778 | D:14     | Found a glowing silver altar of Zin.
 21084 | D:15     | Entered Level 15 of the Dungeon
 21223 | D:15     | Found a staircase to the Depths.
 21243 | D:15     | Reached skill level 15 in Shields
 21320 | D:15     | Reached XP level 16. HP: 93/148 MP: 15/15
 21485 | D:15     | Found a broken altar of Ashenzari.
 21513 | D:15     | Found a frozen archway.
 21757 | IceCv    | Entered an ice cave
 21893 | IceCv    | Lost intelligence.
 21949 | IceCv    | Got the ring of Pyffetaq {Ice rElec Str+7}
 22301 | IceCv    | Reached skill level 15 in Armour
 22345 | IceCv    | Found a viscous altar of Jiyva.
 22354 | IceCv    | Received a gift from Trog
 22396 | IceCv    | Got the ring "Runil" {Ice rElec}
 22775 | Orc:1    | Entered Level 1 of the Orcish Mines
 23076 | Orc:2    | Entered Level 2 of the Orcish Mines
 23236 | Orc:2    | Found a staircase to the Elven Halls.
 23496 | Orc:2    | Paralysed by an orc sorcerer for 6 turns
 23529 | Orc:2    | Received a gift from Trog
 23572 | Orc:2    | Found Zokocodu's Magic Scroll Emporium.
 23572 | Orc:2    | Found Kixuluik's Antique Armour Shoppe.
 23572 | Orc:2    | Found Hokhlew's Weapon Shoppe.
 23628 | Orc:2    | Found Ewenot's Distillery.
 23634 | Orc:2    | Bought a pair of masterwork gloves for 247 gold pieces
 23634 | Orc:2    | Identified the +1 pair of gloves "Orutworakla" {Drain rCorr
                  | Dex+4} (You bought it in a shop on level 2 of the Orcish
                  | Mines)
 23651 | Orc:2    | Bought a potion of heal wounds for 55 gold pieces
 23651 | Orc:2    | Bought a potion of invisibility for 88 gold pieces
 23651 | Orc:2    | Bought a potion of curing for 33 gold pieces
 23651 | Orc:2    | Bought a potion of cancellation for 88 gold pieces
 23651 | Orc:2    | Bought a potion of might for 44 gold pieces
 23651 | Orc:2    | Bought a potion of heal wounds for 55 gold pieces
 23651 | Orc:2    | Bought a potion of resistance for 110 gold pieces
 23651 | Orc:2    | Bought a potion of heal wounds for 55 gold pieces
 23651 | Orc:2    | Bought a potion of flight for 33 gold pieces
 24018 | Elf:1    | Entered Level 1 of the Elven Halls
 24127 | Elf:1    | Reached skill level 20 in Axes
 24222 | Elf:1    | Received a gift from Trog
 24364 | Elf:1    | Identified the +0 fustibalus "Soawuur" {venom, rPois}
 24380 | Elf:1    | Found a runed translucent gate.
 24380 | Elf:1    | Found a runed translucent gate.
 24380 | Elf:1    | Found a runed translucent gate.
 24380 | Elf:1    | Found a runed translucent gate.
 24380 | Elf:1    | Found a runed translucent gate.
 24651 | Elf:1    | Reached XP level 17. HP: 80/161 MP: 16/16
 25289 | Elf:2    | Received a gift from Trog
 25371 | Elf:2    | Paralysed by an air elemental for 1 turns
 25515 | Elf:2    | Found a runed translucent gate.
 25515 | Elf:2    | Found a runed translucent gate.
 25515 | Elf:2    | Found a runed translucent gate.
 25910 | Elf:2    | Received a gift from Trog
 26209 | Elf:3    | Entered Level 3 of the Elven Halls
 26302 | Elf:3    | Identified the amulet of Foeschuc {Faith Will+}
 26484 | Elf:3    | Found a shimmering blue altar of Sif Muna.
 26998 | Elf:3    | Noticed a deep elf blademaster
 27009 | Elf:3    | Killed a deep elf blademaster
 27009 | Elf:3    | Noticed a deep elf master archer
 27015 | Elf:3    | Noticed a deep elf blademaster
 27015 | Elf:3    | Killed a deep elf master archer
 27017 | Elf:3    | Noticed a deep elf master archer
 27023 | Elf:3    | Killed a deep elf blademaster
 27029 | Elf:3    | Reached XP level 18. HP: 88/172 MP: 17/17
 27041 | Elf:3    | Reached skill level 21 in Axes
 27046 | Elf:3    | Received a gift from Trog
 27047 | Elf:3    | Noticed a Tzitzimitl
 27114 | Elf:3    | Cast into level 2 of the Abyss (a deep elf sorcerer)
 27231 | Abyss:2  | Found a corrupted altar of Lugonu.
 27315 | Elf:3    | Escaped the Abyss
 27321 | Elf:3    | Noticed a Hell Sentinel
 27325 | Elf:3    | Noticed a Brimstone Fiend
 27327 | Elf:3    | Noticed a Brimstone Fiend
 27332 | Elf:3    | Killed from afar by a deep elf death mage

Illustrated notes

Levels and vault maps discovered:
D:1:      ebering_trefoil_3fold, layout_basic, serial_shops,
          nicolae_shop_behind_doors, shapermc_ecumenical_altar_pompeii,
          st_stairs_2
D:2:      layout_basic, basic_altar, minmay_tetromino_l4, uniq_terence,
          uniq_jessica
D:3:      layout_loops_ring, eat_drink_and_be_merry_uskayaw
D:4:      layout_cave_pools, minmay_temple_entry_ruins,
          gammafunk_ghost_stat_death, uniq_sigmund, uniq_purgy, uniq_pikel
D:5:      layout_gridville, uniq_prince_ribbit1
D:6:      layout_basic, mainiacjoe_overflow_24_doors, gammafunk_ghost_grave,
          chequers_hall_statues_wall_a, uniq_eustachio
D:7:      layout_gridville, kennysheep_mini, nemelex_spade_bored_becter,
          serial_shops, shop
D:8:      layout_rooms, nicolae_qazlal_general_emergency, serial_shops,
          nicolae_square_shop, uniq_grum
D:9:      layout_rooms, lair_entry_dummy, serial_shops, nicolae_stop_n_shop_1
D:10:     layout_cave_pools, grunt_temple_overflow_open,
          nicolae_twisting_strands, serial_bayou_pond_c, minmay_curled_crystal,
          uniq_snorg, uniq_nergalle
D:11:     layout_irregular_city, lightli_wizard_tower
D:12:     layout_rooms, orc_0_dummy, gammafunk_ghost_split
D:13:     layout_loops_cross, ebering_ghost_reflecting_pool
D:14:     minmay_curly_fans, layout_grid_maze, erik_vaults_1, zin_angel,
          uniq_roxanne, uniq_nessos, uniq_frances
D:15:     gammafunk_depths_entry_grave, layout_rooms,
          nicolae_ashenzari_skybound, portal_ice_cave_entry_pillars_three
Lair:1:   layout_chaotic_city, uniq_fannar
Lair:2:   layout_misc_corridors, spider_nest_entry_a, serial_bayou_shore_b,
          serial_bayou_shore_a
Lair:3:   layout_chaotic_city, nicolae_swamp_entry_splash_gauntlet,
          kennysheep_abandoned_house
Swamp:1:  layout_basic_swamp, evilmike_swamp_ruin_house_6, ldierk_geyser
Spider:1: layout_spider_delve, uniq_azrael
Spider:2: layout_spider_delve, uniq_donald, uniq_louise
Spider:3: layout_spider_delve
Orc:1:    layout_caves
Orc:2:    st_orc_mages, layout_diamond_mine, basic_altar, nicolae_orc_bridge_out
Elf:1:    nicolae_elf_arrival_fired_up, layout_geoelf_grid, orc_legates
Elf:2:    elven_hall_of_blades_hangedman_original [mumra_blade_entry_dagger],
          layout_geoelf_octagon
Elf:3:    grunt_elf_hall_diamonds, layout_geoelf_castle, basic_altar,
          minmay_elf_necromancy

Skill      XL: |  1  2  3  4  5  6  7  8  9 10 11 12 13 14 15 16 17 18 |
---------------+-------------------------------------------------------+-----
Fighting       | 4 5 6 7 8 10 11 12 13 14 15 17 18 | 18.3
Axes           | 4 6 7 8 9 11 13 14 16 17 18 19 20 21 | 21.1
Armour         | 3 4 6 7 9 11 12 13 14 15 16 | 16.8
Stealth        | 1 2 3 4 |  4.3
Dodging        | 3 4 5 6 7 |  7.7
Shields        | 1 4 7 9 11 15 18 19 | 19.9
Evocations     | |  0.3

Action                   |  1- 3 |  4- 6 |  7- 9 | 10-12 | 13-15 | 16-18 || total
-------------------------+-------+-------+-------+-------+-------+-------++-------
Melee: Hand axe          |    39 |    93 |   130 |       |       |       ||   262
       Headbutt          |     5 |    19 |    44 |   107 |   230 |   221 ||   626
       War axe           |       |       |    36 |   364 |   234 |   817 ||  1451
       Broad axe         |       |       |       |       |   570 |       ||   570
Invok: Berserk           |     2 |     4 |     5 |    13 |     4 |     4 ||    32
       Trog's Hand       |       |     2 |     1 |     3 |     7 |    11 ||    24
       Brothers in Arms  |       |       |       |     1 |       |     5 ||     6
Evoke: Phantom mirror    |       |       |       |       |       |     2 ||     2
  Use: Potion            |       |       |    10 |     1 |     1 |     9 ||    21
       Scroll            |       |       |     6 |     9 |     8 |     4 ||    27
 Stab: Sleeping          |     1 |       |       |     3 |     3 |       ||     7
       Distracted        |       |       |       |     1 |       |       ||     1
Armor: Animal skin       |     1 |       |       |       |       |       ||     1
       Chain mail        |     1 |    59 |   129 |   168 |       |       ||   357
       Troll leather arm |       |       |       |    15 |    32 |       ||    47
       Plate armour      |       |       |       |       |   302 |   347 ||   649
Dodge: Dodged            |    32 |    53 |    94 |   205 |   351 |   298 ||  1033
Block: Buckler           |       |       |     2 |    40 |       |       ||    42
       Kite shield       |       |       |       |    88 |   541 |   659 ||  1288
       Reflection        |       |       |       |       |    17 |    71 ||    88
